 Dungeon Crawl Stone Soup version 0.31-a0-221-gbddc013574 (webtiles) character file.

Game seed: 15016539979457895799

2935 Anon1729 the Carver (level 9, -9/81 HPs)
             Began as a Minotaur Monk on July 4, 2023.
             Killed from afar by a steam dragon (22 damage)
             ... with a ball of steam
             ... on level 7 of the Dungeon.
             The game lasted 00:07:25 (7814 turns).

Anon1729 the Carver (Minotaur Monk)                 Turns: 7814, Time: 00:07:25

Health: -9/81      AC:  2    Str: 17    XL:     9   Next: 51%
Magic:  8/8        EV: 15    Int:  7    God:
Gold:   150        SH:  0    Dex: 16    Spells: 8/8 levels left

rFire   . . .        B - +0 orcbow
rCold   . . .        (shield currently unavailable)
rNeg    . . .        b - +0 robe
rPois   .            (helmet restricted)
rElec   .            (no cloak)
rCorr   .            (no gloves)
SInv    .            (no boots)
Will    .....        (no amulet)
Stlth   +            (no ring)
HPRegen 0.33/turn    (no ring)
MPRegen 0.11/turn

%: no passive effects
@: no status effects
A: horns 2, retaliatory headbutt
a: no special abilities


You were on level 7 of the Dungeon.
You visited 1 branch of the dungeon, and saw 8 of its levels.

You collected 400 gold pieces.
You spent 250 gold pieces at shops.

Inventory:

Hand Weapons
 a - a +0 falchion
 c - a +2 dagger of venom
 B - a +0 orcbow (weapon)
Missiles
 q - 26 poisoned darts
Armour
 b - a +0 robe (worn)
 d - an orb of light
Wands
 p - a wand of paralysis (9)
 v - a wand of flame (17)
Scrolls
 f - 2 scrolls of enchant armour
 g - a scroll of amnesia
 k - a scroll of poison
 n - 4 scrolls of teleportation
 r - a scroll of blinking
 s - 2 scrolls of noise
 t - a scroll of silence
 w - a scroll of fog {unknown}
 y - 3 scrolls of immolation
 A - a scroll of enchant weapon {unknown}
Potions
 h - a potion of heal wounds
 i - 2 potions of mutation {unknown}
 j - 4 potions of brilliance {unknown}
 l - 2 potions of might {unknown}
 m - a potion of berserk rage {unknown}
 o - a potion of lignification {unknown}
 u - a potion of haste {unknown}
 x - 2 potions of enlightenment {unknown}
 z - a potion of curing


   Skills:
 + Level 7.9 Fighting
 + Level 8.0 Long Blades
 + Level 6.3 Ranged Weapons
 + Level 6.9 Armour
 + Level 7.2 Dodging


You had 8 spell levels left.
You didn't know any spells.
Your spell library contained the following spells:

 Spells                   Type           Power      Damage    Failure   Level
 Necrotise                Necr           0%         1d4       43%         1
 Summon Small Mammal      Summ           0%         N/A       43%         1
 Call Canine Familiar     Summ           0%         N/A       80%         3
 Summon Guardian Golem    Hex/Summ       0%         N/A       80%         3
 Vampiric Draining        Necr           0%         2d6       80%         3
 Vhi's Electric Charge    Tloc/Air       0%         N/A       80%         3
 Agony                    Necr           0%         N/A       100%        5
 Arcjolt                  Conj/Air       0%         1d10      100%        5
 Plasma Beam              Fire/Air       0%         2x1d10    100%        6


Dungeon Overview and Level Annotations

Branches:
Dungeon (8/15)             Temple (0/1) D:6
   Lair: D:8-11

Altars:
Dithmenos
Elyvilon
Fedhas
Hepliaklqana
Qazlal
Sif Muna
Trog
Wu Jian
Yredelemnul
Zin
The Shining One

Shops:
D:1 ?   D:4 **


Innate Abilities, Weirdness & Mutations

You have a pair of horns on your head.
You reflexively headbutt those who attack you in melee.


Message History

You shoot an arrow. The arrow hits the steam dragon.
The steam dragon is heavily wounded.
You are engulfed in a cloud of scalding steam.
* * * LOW HITPOINT WARNING * * *
The steam dragon bites you!
* * * LOW HITPOINT WARNING * * *
The steam dragon claws you.
* * * LOW HITPOINT WARNING * * *
Fire: B) +0 orcbow
Press: ? - help, Q - select action, (/) - cycle Shift-Dir - straight line, f/p - steam dragon
Aim: a steam dragon (heavily wounded, 60% to hit)
Okay, then.
You feel much better. The steam dragon bites you. The steam dragon misses you.
Fire: B) +0 orcbow
Press: ? - help, Q - select action, (/) - cycle Shift-Dir - straight line, f/p - steam dragon
Aim: a steam dragon (heavily wounded, 60% to hit)
You shoot an arrow. The arrow hits the steam dragon.
The steam dragon is severely wounded.
The steam dragon bites you.
* * * LOW HITPOINT WARNING * * *
The steam dragon claws you.
* * * LOW HITPOINT WARNING * * *
The steam dragon breathes steam at you. The ball of steam misses you.
The steam dragon bites you but does no damage.
The steam dragon barely misses you.
Fire: B) +0 orcbow
Press: ? - help, Q - select action, (/) - cycle Shift-Dir - straight line, f/p - steam dragon
Aim: a steam dragon (severely wounded, 60% to hit)
You shoot an arrow. The arrow hits the steam dragon.
The steam dragon is severely wounded.
The steam dragon bites you!
* * * LOW HITPOINT WARNING * * *
The steam dragon closely misses you.
The steam dragon attacks as you move away!
The steam dragon barely misses you. The steam dragon claws you.
* * * LOW HITPOINT WARNING * * *
The steam dragon breathes steam at you. The ball of steam hits you!!
You die...

######## #....... #.......
################# #.......
#.........).....# #.......
#.####...##@....# #.......
#.# #...##§§...# #......) #.#
#...##.D...######+#...) #.#
#...####+##............
##.###########§##.###.#.####.
#......# #..<#D##.##..#.#....
######.# #.###§##§##..#.#.##.
#.# #.# #D.§D...........
#.###.##########.###..#.


You could see a steam dragon (catching breath).

Vanquished Creatures
  Prince Ribbit (D:6)
  A steam dragon (D:7)
  Menkaure (D:7)
  2 water moccasins (D:6)
  3 sky beasts (D:7)
  3 ice beasts
  An ogre (D:5)
  2 phantoms
  2 centaurs
  3 scorpions
  4 killer bees (D:7)
  A howler monkey (D:6)
  6 hounds
  2 gnoll boudas
  An orc priest (D:6)
  A sleepcap (D:4)
  2 iguanas
  5 orc wizards
  19 gnolls
  10 adders
  A white imp (D:6)
  3 worms
  3 dart slugs
  36 orcs
  3 bats
  8 endoplasms
  5 giant cockroaches
  10 goblins
  14 hobgoblins
  3 jackals (D:1)
  15 kobolds
  A quokka (D:3)
  6 ball pythons
  6 frilled lizards
  10 rats
194 creatures vanquished.

Vanquished Creatures (others)
  A wizard (D:7)
  An orc wizard (D:7)
2 creatures vanquished.

Grand Total: 196 creatures vanquished

Notes
Turn   | Place    | Note
-------+----------+-------------------------------------------
     0 | D:1      | Anon1729 the Minotaur Monk began the quest for the Orb.
     0 | D:1      | Reached XP level 1. HP: 19/19 MP: 0/0
   178 | D:1      | Reached XP level 2. HP: 27/27 MP: 1/1
   241 | D:1      | Found Dixow's Magic Scroll Boutique.
   245 | D:1      | Bought a scroll of identify for 22 gold pieces
   408 | D:1      | Reached skill level 1 in Armour
   450 | D:1      | Reached skill level 1 in Ranged Weapons
   615 | D:1      | Reached XP level 3. HP: 33/33 MP: 2/2
   729 | D:1      | Reached skill level 4 in Long Blades
  1100 | D:2      | Reached XP level 4. HP: 39/40 MP: 3/3
  1326 | D:3      | Found a basalt altar of Yredelemnul.
  1480 | D:3      | Found an ornate altar of the Wu Jian Council.
  1721 | D:3      | Found a shimmering blue altar of Sif Muna.
  1926 | D:3      | Found a blossoming altar of Fedhas.
  2029 | D:4      | Reached XP level 5. HP: 47/47 MP: 4/4
  2378 | D:4      | Reached XP level 6. HP: 31/55 MP: 5/5
  2578 | D:4      | Reached skill level 5 in Fighting
  2578 | D:4      | Reached skill level 5 in Long Blades
  2672 | D:4      | Reached XP level 7. HP: 56/61 MP: 6/6
  2694 | D:4      | Found Dimeexev's General Store.
  2701 | D:4      | Bought a potion of curing for 36 gold pieces
  2799 | D:1      | Bought a scroll of blinking for 82 gold pieces
  2799 | D:1      | Bought a scroll of teleportation for 33 gold pieces
  2799 | D:1      | Bought a scroll of identify for 22 gold pieces
  2870 | D:4      | Found Anwe's Assorted Antiques.
  3357 | D:4      | Bought a scroll labelled QOIMNEO APPUS for 29 gold pieces
  3409 | D:5      | Entered Level 5 of the Dungeon
  3494 | D:5      | Reached skill level 5 in Dodging
  3729 | D:5      | Reached skill level 6 in Long Blades
  3793 | D:4      | Bought a dark potion for 26 gold pieces
  3959 | D:5      | Found a hazy altar of Hepliaklqana.
  4248 | D:6      | Found a white marble altar of Elyvilon.
  4259 | D:6      | Reached XP level 8. HP: 70/70 MP: 7/7
  4454 | D:6      | Reached skill level 5 in Armour
  4499 | D:6      | Found a glowing golden altar of the Shining One.
  4865 | D:6      | Noticed Prince Ribbit
  4878 | D:6      | Killed Prince Ribbit
  4879 | D:6      | Reached skill level 5 in Ranged Weapons
  5238 | D:6      | Identified the +3 buckler "Entaromo" {Dex+2}
  5250 | D:6      | Found a staircase to the Ecumenical Temple.
  5297 | D:6      | Found a shadowy altar of Dithmenos.
  5405 | D:6      | Reached skill level 7 in Long Blades
  6389 | D:7      | Reached XP level 9. HP: 38/79 MP: 8/8
  6962 | D:7      | HP: 2/79 [centaur (3)]
  7260 | D:7      | Noticed Menkaure
  7268 | D:7      | Killed Menkaure
  7352 | D:7      | Reached skill level 8 in Long Blades
  7412 | D:7      | Found a glowing silver altar of Zin.
  7627 | D:7      | Found a bloodstained altar of Trog.
  7629 | D:7      | Noticed a wizard
  7633 | D:7      | Killed a wizard
  7767 | D:8      | Found a stormy altar of Qazlal.
  7805 | D:7      | HP: 3/81 [steam dragon/ball of steam (13)]
  7814 | D:7      | Killed from afar by a steam dragon

Illustrated notes

Levels and vault maps discovered:
D:1:      lightli_arrival_lavapool, layout_loops_cross, serial_shops, shop
D:2:      layout_rooms
D:3:      layout_loops_ring, mainiacjoe_overflow_boulevard,
          amcnicky_altar_gilded, mainiacjoe_overflow_24_doors, fedhas_altar_3
D:4:      layout_loops_cross, serial_shops, nicolae_shop_back_alley_shop,
          nicolae_shop_rolling_square
D:5:      layout_basic, nzn_hepliaklqana_mist_gate
D:6:      layout_basic, overflow_temple_1_default, elyvilon_altar_1,
          lemuel_round_altar, temple_hall, uniq_prince_ribbit1
D:7:      corexii_shantytown, layout_basic, trog_wizard, zin_treasury,
          uniq_menkaure
D:8:      minmay_recursive_quarters, layout_layer_cave, lemuel_crystal_altar,
          mainiacjoe_overflow_concentric_impassable, lair_entry_dummy,
          uniq_maggie, uniq_joseph

Skill      XL: |  1  2  3  4  5  6  7  8  9 |
---------------+----------------------------+-----
Armour         | 1 2 3 4 6 |  6.9
Ranged Weapons | 1 2 3 4 5 6 |  6.3
Fighting       | 4 5 6 7 |  7.9
Long Blades    | 4 5 6 7 8 |  8.0
Dodging        | 4 5 6 7 |  7.2

Action                     |  1- 3 |  4- 6 |  7- 9 || total
---------------------------+-------+-------+-------++-------
  Melee: Falchion          |    44 |       |       ||    44
         Headbutt          |    21 |    29 |    97 ||   147
         Dagger            |    38 |   105 |   311 ||   454
   Fire: Orcbow            |       |       |    20 ||    20
    Use: Potion            |     1 |       |     7 ||     8
         Scroll            |       |       |     7 ||     7
 Armour: Robe              |    14 |     7 |    22 ||    43
  Dodge: Dodged            |    52 |    66 |   235 ||   353

Table legend: (Time is in decaauts)
 A = Elapsed time spent in this place.
 B = Non-inter-level travel time spent in this place.
 C = Inter-level travel time spent in this place.
 D = Time resting spent in this place.
 E = Time spent auto-exploring this place.
 F = Levels seen in this place.
 G = Mean time per level.
                   A        B        C        D        E       F      G
               +--------+--------+--------+--------+--------+-----+--------+
         Total |   7749 |   7221 |    528 |    624 |   5510 |   8 |  968.6 |
       Dungeon |   7749 |   7221 |    528 |    624 |   5510 |   8 |  968.6 |
               +--------+--------+--------+--------+--------+-----+--------+

Top non-repeatable levels by time:
     D:7: 2075 daAuts
     D:6: 1416 daAuts
     D:4: 1369 daAuts
     D:1: 791 daAuts
     D:5: 745 daAuts
     D:3: 744 daAuts
     D:2: 597 daAuts
     D:8: 9 daAuts
